 Dungeon Crawl Stone Soup version 0.31-a0-40-g1d5085d191 (webtiles) character file.

Game seed: 3375002422192948225

754 vineage the Trooper (level 7, -5/45 HPs)
             Began as a Gargoyle Fighter on May 17, 2023.
             Killed from afar by an orc wizard (7 damage)
             ... with a puff of flame
             ... on level 4 of the Dungeon.
             The game lasted 00:07:26 (3961 turns).

vineage the Trooper (Gargoyle Fighter)              Turns: 3961, Time: 00:07:27

Health: -5/45      AC: 16    Str: 19    XL:     7   Next: 79%
Magic:  7/7        EV:  8    Int:  9    God:
Gold:   277        SH:  5    Dex: 11    Spells: 6/6 levels left

rFire   . . .        a - +1 trident
rCold   . . .        c - +0 buckler
rNeg    + . .        e - +0 chain mail
rPois   ∞            (no helmet)
rElec   +            j - +1 cloak
rCorr   .            (no gloves)
SInv    .            (no boots)
Will    .....        (no amulet) Stlth
                     (no ring)
HPRegen 0.27/turn    (no ring)
MPRegen 0.10/turn

%: no passive effects
@: no status effects
A: sickness immunity, AC +4, negative energy resistance 1, electricity
resistance, torment resistance 1, petrification resistance
a: no special abilities


You were on level 4 of the Dungeon.
You visited 1 branch of the dungeon, and saw 5 of its levels.

You collected 277 gold pieces.

Inventory:

Hand Weapons
 a - a +1 trident (weapon)
Missiles
 g - 2 throwing nets (quivered)
Armour
 c - a +0 buckler (worn)
 e - a +0 chain mail (worn)
 j - a +1 cloak (worn)
Wands
 l - a wand of flame (19)
Scrolls
 b - a scroll of blinking
 d - a scroll of teleportation
 h - 2 scrolls of enchant armour
 i - 2 scrolls of magic mapping
 m - a scroll of fear {unknown}
 o - 2 scrolls of identify
 q - a scroll of noise {unknown}
Potions
 f - a potion of flight
 k - 2 potions of brilliance {unknown}
 n - 2 potions of curing {unknown}
 p - a potion of lignification {unknown}


   Skills:
 * Level 5.9 Fighting
 * Level 4.4 Polearms
 + Level 4.8 Armour
 - Level 2.0 Dodging
 + Level 4.7 Shields


You had 6 spell levels left.
You didn't know any spells.
Your spell library was empty.

Dungeon Overview and Level Annotations

Branches:
Dungeon (5/15)
 Temple: D:4-7

Altars:
Dithmenos
Vehumet
Xom

Annotations:
D:4 3 runed translucent doors, decrepitude's ghost, amateur OpTm


Innate Abilities, Weirdness & Mutations

You are immune to sickness and miasma.
Your stone body is resilient. (AC +4)
You are immune to poison.
You resist negative energy. (rN+)
You are resistant to electric shocks. (rElec)
You are resistant to unholy torment.
You are immune to petrification.


Message History

You are too injured to fight recklessly!
You are too injured to fight recklessly!
You are too injured to fight recklessly!
You are too injured to fight recklessly!
You are too injured to fight recklessly!
You are too injured to fight recklessly!
You are too injured to fight recklessly!
You are too injured to fight recklessly!
You are too injured to fight recklessly!
You are too injured to fight recklessly!
You are too injured to fight recklessly!
You are too injured to fight recklessly!
You are too injured to fight recklessly!
You are too injured to fight recklessly!
You are too injured to fight recklessly!
The orc attacks as you move away! The orc hits you with a +0 dagger.
The orc wizard points at you and mumbles some strange words.
You are confused.
There is a stone staircase leading up here.
In your confused state, you trip and fall back down the stairs.
The orc priest calls down the wrath of Beogh upon you.
Beogh smites you!
* * * LOW HITPOINT WARNING * * *
The orc wizard hits you with a +0 dagger.
* * * LOW HITPOINT WARNING * * *
You climb upwards.
Level annotation: 3 runed translucent doors, decrepitude's ghost, amateur OpTm
There is a stone staircase leading down here.
You closely miss the orc wizard.
The orc wizard is heavily wounded.
The orc wizard gestures at you while chanting.
The puff of flame hits you.
* * * LOW HITPOINT WARNING * * *
The orc wizard hits you but does no damage.
The orc wizard attacks as you move away!
The orc wizard hits you but does no damage.
You feel less confused.
The orc wizard points at you and mumbles some strange words.
The puff of flame hits you!
You die...

###### #### #....#### #..#
##.##....# #..# # ##...####.#
#..# # ##.....###.# #..#
#####.......##.###..######
....#).._...#............#
#...#.......#.......####.########
#.####.....##...@................
.....##...##.....>o.###..###.####
..##..###########...# #..# #.#
..#........# #...# #..# #.#
.##..##....# #...###..###.####
.##........######...............#
.##...#.#...........###..###.##.#
.##...#.#..######...###..###.##.#
.<....#.#...........)........##.#


You could see an orc wizard.

Vanquished Creatures
  An ice beast (D:5)
  A black bear (D:5)
  A phantom (D:4)
  A scorpion (D:4)
  A howler monkey (D:4)
  2 orc priests (D:5)
  A gnoll bouda (D:4)
  3 iguanas
  A sleepcap (D:5)
  A mummy (D:4)
  3 gnolls (D:4)
  8 adders
  2 worms
  A dart slug (D:1)
  2 orcs (D:5)
  13 bats
  8 endoplasms
  6 giant cockroaches
  6 goblins
  9 hobgoblins
  3 jackals (D:4)
  9 kobolds
  2 quokkas
  11 ball pythons
  3 frilled lizards
  3 rats
102 creatures vanquished.

Notes
Turn   | Place    | Note
-------+----------+-------------------------------------------
     0 | D:1      | vineage the Gargoyle Fighter began the quest for the Orb.
     0 | D:1      | Reached XP level 1. HP: 14/14 MP: 1/1
    73 | D:1      | Reached XP level 2. HP: 17/19 MP: 2/2
   241 | D:1      | Reached XP level 3. HP: 24/24 MP: 3/3
   735 | D:2      | Reached XP level 4. HP: 28/29 MP: 4/4
   741 | D:2      | Reached skill level 1 in Dodging
   811 | D:2      | Reached skill level 4 in Fighting
  1871 | D:4      | Reached XP level 5. HP: 33/33 MP: 5/5
  1874 | D:4      | Found a runed translucent gate.
  1879 | D:4      | Found a runed translucent gate.
  1880 | D:4      | Found a runed translucent gate.
  2072 | D:4      | Noticed a phantom
  2091 | D:4      | Killed a phantom
  2092 | D:4      | Reached XP level 6. HP: 20/39 MP: 6/6
  2680 | D:4      | Reached skill level 5 in Fighting
  2723 | D:4      | Found a radiant altar of Vehumet.
  3151 | D:4      | Found a shimmering altar of Xom.
  3329 | D:4      | Noticed decrepitude's ghost (amateur OpTm)
  3351 | D:5      | Entered Level 5 of the Dungeon
  3361 | D:5      | Reached XP level 7. HP: 44/44 MP: 7/7
  3452 | D:5      | Found a shadowy altar of Dithmenos.
  3960 | D:4      | HP: 2/45 [orc wizard/puff of flame (5)]
  3961 | D:4      | Killed from afar by an orc wizard

Illustrated notes

Levels and vault maps discovered:
D:1:      lemuel_arrival_muddy, layout_basic, minmay_pentomino_t4
D:2:      layout_rooms, serial_rivers, chequers_serial_rivers_micro_c,
          chequers_serial_rivers_room_a, chequers_serial_rivers_small_3,
          chequers_serial_rivers_small_b, st_stairs_7, kennysheep_minor_cross
D:3:      layout_rooms, palyth_stone_intersect
D:4:      layout_basic, lemuel_round_altar, vehumet_altar_wand_db,
          gammafunk_ghost_necromancy, gup_ossuary_entry_pyramid
D:5:      layout_rooms, mainiacjoe_overflow_alcove_2, chequers_big_river,
          nrook_pool_corridor

Skill      XL: |  1  2  3  4  5  6  7 |
---------------+----------------------+-----
Polearms       | 2 3 4 |  4.4
Dodging        | 1 2 |  2.0
Fighting       | 4 5 |  5.9
Armour         | 4 |  4.8
Shields        | 4 |  4.7

Action                     |  1- 3 |  4- 6 |  7- 9 || total
---------------------------+-------+-------+-------++-------
  Melee: Trident           |   118 |   194 |    78 ||   390
    Use: Scroll            |     3 |     7 |       ||    10
         Potion            |       |     2 |     1 ||     3
 Armour: Scale mail        |     6 |       |       ||     6
         Chain mail        |    60 |   129 |    48 ||   237
  Dodge: Dodged            |    44 |    83 |    31 ||   158
  Block: Buckler           |    20 |    42 |    21 ||    83

Table legend: (Time is in decaauts)
 A = Elapsed time spent in this place.
 B = Non-inter-level travel time spent in this place.
 C = Inter-level travel time spent in this place.
 D = Time resting spent in this place.
 E = Time spent auto-exploring this place.
 F = Levels seen in this place.
 G = Mean time per level.
                   A        B        C        D        E       F      G
               +--------+--------+--------+--------+--------+-----+--------+
         Total |   4049 |   3942 |    107 |    535 |   2568 |   5 |  809.8 |
       Dungeon |   4049 |   3942 |    107 |    535 |   2568 |   5 |  809.8 |
               +--------+--------+--------+--------+--------+-----+--------+

Top non-repeatable levels by time:
     D:4: 1119 daAuts
     D:3: 907 daAuts
     D:2: 775 daAuts
     D:5: 625 daAuts
     D:1: 621 daAuts
